 Dungeon Crawl Stone Soup version 0.29-a0-770-g2e8140cf71 (webtiles) character file.

Game seed: 16991667816686818426

149 British0li the Slasher (level 5, 11/41 HPs)
             Began as a Demonspawn Gladiator on July 1, 2022.
             Got out of the dungeon alive.
             The game lasted 00:05:11 (2258 turns).

British0li the Slasher (Demonspawn Gladiator)       Turns: 2258, Time: 00:05:11

Health: 11/41      AC:  4    Str: 16    XL:     5   Next: 9%
Magic:  5/5        EV: 12    Int:  9    God:
Gold:   39         SH:  4    Dex: 15    Spells: 4/4 levels left

rFire   . . .      SeeInvis .   a - +0 long sword
rCold   . . .      Faith    .   (no shield)
rNeg    . . .      Spirit   .   b - +0 leather armour
rPois   .          Reflect  .   c - +0 helmet
rElec   .          Harm     .   (no cloak)
rCorr   .          Rampage  .   (no gloves)
Will    .....                   (no boots)
Stlth   +.........              (no amulet)
HPRegen 0.13/turn               (no ring)
MPRegen 0.09/turn               (no ring)

@: no status effects
A: foul stench 1, condensation shield
a: no special abilities


You escaped.
You visited 1 branch of the dungeon, and saw 2 of its levels.

You collected 39 gold pieces.

Inventory:

Hand Weapons
 a - a +0 long sword (weapon)
Missiles
 d - 3 throwing nets (quivered)
 e - 3 javelins
Armour
 b - a +0 leather armour (worn)
 c - a +0 helmet (worn)
Jewellery
 j - an amulet of regeneration
 n - a ring of protection from cold
Scrolls
 f - a scroll of enchant weapon {unknown}
 g - a scroll of acquirement {unknown}
 h - 5 scrolls of identify {unknown}
 i - a scroll of fog {unknown}
 l - a scroll of teleportation {unknown}
 o - a scroll of fear {unknown}
 q - a scroll of magic mapping {unknown}
Potions
 k - a potion of heal wounds {unknown}
 m - a potion of might {unknown}
 p - 2 potions of curing {unknown}


   Skills:
 * Level 3.6 Fighting
 * Level 3.9 Long Blades
 - Level 2.0 Throwing
 + Level 3.3 Dodging


You had 4 spell levels left.
You didn't know any spells.
Your spell library contained the following spells:

 Spells                   Type           Power      Damage    Failure   Level
 Slow                     Hex            0%         N/A       45%         1
 Confusing Touch          Hex            0%         N/A       83%         3
 Vampiric Draining        Necr           0%         2d6       83%         3


Dungeon Overview and Level Annotations

Branches:
Dungeon (2/15)

Altars:


Innate Abilities, Weirdness & Mutations

You may rarely emit foul miasma when damaged in melee.
A meltable shield of frost defends you. (SH +4)


Message History

The kobold hits you with a +0 short sword of speed.
* * * LOW HITPOINT WARNING * * *
The frilled lizard bites you but does no damage.
The kobold closely misses you. You block the frilled lizard's attack.
You miss the frilled lizard.
The frilled lizard is heavily wounded.
The kobold hits you with a +0 short sword of speed.
* * * LOW HITPOINT WARNING * * *
You emit a cloud of foul miasma!
The kobold is engulfed in dark miasma.
The kobold is poisoned.
The kobold seems to slow down.
You kill the kobold!
The frilled lizard closely misses you.
You hit the frilled lizard.
You kill the frilled lizard!
Okay, then.
Unknown command.
You start removing your amulet.
You continue taking off your amulet of regeneration. x4
You finish taking off your amulet of regeneration.
Okay, then.
Unknown command.
You see here a ball python corpse.
Unknown command.
Unknown command.
(D) Dungeon
Where to? (Enter - D:2 @ (x,y), ? - help)
An adder and a hobgoblin come into view.
The adder hisses angrily.
The hobgoblin shouts!
There is a stone staircase leading up here.
(D) Dungeon
Where to? (Enter - D:1, ? - help)
There are monsters nearby!
You climb upwards.
There is a stone staircase leading down here.
There is a staircase leading out of the dungeon here.
Are you sure you want to leave the Dungeon?
This will make you lose the game!
Alright, then stay!
There is a staircase leading out of the dungeon here.
Are you sure you want to leave the Dungeon?
This will make you lose the game!
You have escaped!

#.#############.##
#.#...####### #..#
##.#.#.......# ##.##
#......###.#.####..#
#....#...........#>#
#....#.#########.#.#####
#....#...........#.....#
#....#...........#....######
#....#.....@.....##.#.#.....
####.#...........##.#.#.####
#.#...........##.#.#.#..#
###
#...#########.##.#.#.#..#
..#
#.............##.#.#.#..#
#.#
#.###.##..######.#.#.#..#
#.# #.#
#............#.#.#.†. #.#
#.# ####.....#####.#....#
#.# #.# #.##.######.###..#


There were no monsters in sight!

Vanquished Creatures
  A scorpion (D:2)
  Natasha (D:2)
  An adder (D:2)
  8 ball pythons
  7 bats
  4 endoplasms
  2 goblins
  4 hobgoblins
  3 jackals (D:1)
  6 kobolds
  5 quokkas (D:1)
  3 frilled lizards
  7 rats
52 creatures vanquished.

Vanquished Creatures (others)
  15 plants (D:1)
15 creatures vanquished.

Grand Total: 67 creatures vanquished

Notes
Turn   | Place    | Note
-------+----------+-------------------------------------------
     0 | D:1      | British0li the Demonspawn Gladiator began the quest for the
                  | Orb.
     0 | D:1      | Reached XP level 1. HP: 16/16 MP: 1/1
   132 | D:1      | Gained mutation: A meltable shield of frost defends you.
                  | (SH +4) [demonic ancestry]
   132 | D:1      | Reached XP level 2. HP: 4/22 MP: 2/2
  1155 | D:1      | Reached XP level 3. HP: 28/28 MP: 3/3
  1759 | D:1      | Found a faded altar of an unknown god.
  1811 | D:2      | Noticed a scorpion
  1821 | D:2      | Killed a scorpion
  1822 | D:2      | Reached XP level 4. HP: 13/35 MP: 4/4
  2203 | D:2      | Noticed Natasha
  2219 | D:2      | Killed Natasha
  2220 | D:2      | Gained mutation: You may rarely emit foul miasma when
                  | damaged in melee. [demonic ancestry]
  2220 | D:2      | Reached XP level 5. HP: 13/41 MP: 5/5
  2222 | D:2      | HP: 1/41 [kobold/+0 short sword of speed (4)]
  2258 | D:$      | Got out of the dungeon alive.

Illustrated notes

Levels and vault maps discovered:
D:1:      minmay_arrival_semitransparent, layout_basic,
          dilly_ecumenical_altar_fadedgnrine
D:2:      layout_loops_cross, minmay_misc_feat_nine_boxes,
          nicolae_elevator_lobby_plus, uniq_natasha

Skill      XL: |  1  2  3 |
---------------+----------+-----
Long Blades    | 3 |  3.9
Throwing       | 2 |  2.0
Dodging        | 3 |  3.3
Fighting       | 3 |  3.6

Action                   |  1- 3 |  4- 6 || total
-------------------------+-------+-------++-------
Melee: Long sword        |    92 |    56 ||   148
Armor: Leather armour    |    32 |    24 ||    56
Dodge: Dodged            |    63 |    47 ||   110
Block: Other             |    14 |    26 ||    40

Table legend: (Time is in decaauts)
 A = Elapsed time spent in this place.
 B = Non-inter-level travel time spent in this place.
 C = Inter-level travel time spent in this place.
 D = Time resting spent in this place.
 E = Time spent auto-exploring this place.
 F = Levels seen in this place.
 G = Mean time per level.
                   A        B        C        D        E       F      G
               +--------+--------+--------+--------+--------+-----+--------+
         Total |   2299 |   2249 |     50 |    257 |   1587 |   2 | 1149.5 |
       Dungeon |   2299 |   2249 |     50 |    257 |   1587 |   2 | 1149.5 |
               +--------+--------+--------+--------+--------+-----+--------+

Top non-repeatable levels by time:
     D:1: 1833 daAuts
     D:2: 466 daAuts
